 Dungeon Crawl Stone Soup version 0.29-a0-92-gee772dd00f (webtiles) character file.

Game seed: 2560257631068136895

3464 siradein the Covered (level 9, 0/81 (82) HPs)
             Began as a Deep Dwarf Fighter on Feb 9, 2022.
             Was a Believer of Kikubaaqudgha.
             Slain by a hell rat (9 damage)
             ... on level 7 of the Dungeon.
             The game lasted 00:30:05 (7612 turns).

siradein the Covered (Deep Dwarf Fighter)           Turns: 7612, Time: 00:30:05

HP:   0/81 (82)     AC:  9    Str: 20    XL:     9   Next: 78%
MP:   15/15         EV: 10    Int: 11    God:    Kikubaaqudgha [**....]
Gold: 360           SH:  7    Dex: 20    Spells: 13/16 levels left

rFire   . . .      SeeInvis .   a - +0 long sword
rCold   . . .      Faith    .   c - +0 buckler
rNeg    + . .      Spirit   .   x - +2 leather armour {rPois}
rPois   +          Reflect  .   z - +0 helmet
rElec   .          Harm     .   (no cloak)
rCorr   .          Rampage  .   v - +1 pair of gloves
Will    +....                   (no boots)
Stlth   +.........              y - amulet of magic regeneration
HPRegen 0.00/turn               m - +6 ring of dexterity
MPRegen 0.54/turn               C - ring of positive energy

@: lightly drained
A: damage resistance, heal wounds, sense surroundings 2, no regeneration
a: Heal Wounds, Renounce Religion, Receive Corpses


You were on level 7 of the Dungeon.
You worshipped Kikubaaqudgha.
Kikubaaqudgha was pleased with you.
You visited 2 branches of the dungeon, and saw 9 of its levels.

You collected 360 gold pieces.

Inventory:

Hand Weapons
 a - a +0 long sword (weapon)
Missiles
 n - 4 javelins
 u - 13 poisoned darts
 E - a throwing net
Armour
 c - a +0 buckler (worn)
 v - a +1 pair of gloves (worn)
 x - a +2 leather armour of poison resistance (worn)
 z - a +0 helmet (worn)
Jewellery
 m - a +6 ring of dexterity (left hand)
 w - a ring of poison resistance
 y - an amulet of magic regeneration (around neck)
 C - a ring of positive energy (right hand)
Wands
 F - a wand of flame (18)
 I - a wand of mindburst (19)
Scrolls
 b - 2 scrolls of magic mapping {unknown}
 f - 5 scrolls of identify {unknown}
 g - 2 scrolls of teleportation
 i - 2 scrolls of brand weapon {unknown}
 k - a scroll of vulnerability {unknown}
 l - 4 scrolls of enchant armour {unknown}
 r - a scroll of amnesia {unknown}
 s - a scroll of fog {unknown}
 t - 2 scrolls of holy word {unknown}
 A - a scroll of torment {unknown}
 D - a scroll of enchant weapon {unknown}
 H - 2 scrolls of fear {unknown}
Potions
 d - 2 potions of might
 e - 2 potions of heal wounds {unknown}
 h - 2 potions of brilliance {unknown}
 j - 2 potions of cancellation {unknown}
 o - a potion of lignification {unknown}
 p - a potion of degeneration {unknown}
 q - 2 potions of curing {unknown}
 B - a potion of invisibility {unknown}
 G - a potion of haste {unknown}


   Skills:
 + Level 6.0 Fighting
 + Level 6.2 Long Blades
 + Level 7.3 Armour
 + Level 7.3 Shields
 + Level 4.1 Spellcasting
 + Level 5.4 Necromancy


You had 13 spell levels left.
You knew the following spells:

 Your Spells              Type           Power      Damage    Failure   Level
a - Vampiric Draining     Necr           14%        2d7       11%         3

Your spell library contained the following spells:

 Spells                   Type           Power      Damage    Failure   Level
 Animate Skeleton         Necr           28%        N/A       3%          1
 Pain                     Necr           56%        1d6       3%          1
 Sandblast                Erth           4%         2d4       34%         1
 Blink                    Tloc           4%         N/A       45%         2
 Passwall                 Tmut/Erth      1%         N/A       45%         2
 Agony                    Necr           14%        N/A       69%         5
 Lesser Beckoning         Tloc           2%         N/A       71%         3
 Stone Arrow              Conj/Erth      4%         3d7       71%         3
 Summon Guardian Golem    Hex/Summ       2%         N/A       71%         3
 Manifold Assault         Tloc           2%         N/A       100%        5
 Orb of Destruction       Conj           1%         9d5       100%        7
 Spellforged Servitor     Conj/Summ      1%         N/A       100%        7


Dungeon Overview and Level Annotations

Branches:
Dungeon (8/15)             Temple (1/1) D:4
   Lair: D:8-11

Altars:
Ashenzari
Cheibriados
Dithmenos
Fedhas
Gozag
Kikubaaqudgha
Nemelex Xobeh
Okawaru
Qazlal
Ru
Sif Muna
Uskayaw
Vehumet
Wu Jian
Xom
Zin
The Shining One

Shops:
D:3 [

Annotations:
D:5 1 runed translucent door, Crazy Yiuf


Innate Abilities, Weirdness & Mutations

You are resistant to damage.
You can heal yourself by infusing magical energy.
You passively map the area around you.
You do not regenerate.


Message History

The river rat barely misses you.
Casting: Vampiric Draining (dangerous; 11% risk of failure)
Confirm with . or Enter, or press ? or * to list all spells.
Aiming: Vampiric Draining (dangerous; 11% risk of failure)
Press: ? - help, Shift-Dir - straight line, f - death yak
Aim: a death yak You draw life force from the death yak!
You feel life coursing into your body. The death yak gores you!!
* * * LOW HITPOINT WARNING * * *
You see here a death yak corpse.
There is a shaft here.
The death yak falls through a shaft!
The shaft crumbles and collapses.
Found 14 gold pieces.
Found a robe.
A river rat comes into view.
The river rat closely misses you.
Things that are here:
a +0 dagger; a +0 hand axe; an orc skeleton You closely miss the river rat.
You block the river rat's attack.
The river rat bites you but does no damage. x2
The river rat barely misses you. You block the river rat's attack.
You block the river rat's attack.
The river rat bites you but does no damage.
The hell rat twitches its whiskers.
There is a stone staircase leading up here.
The hell rat bites you. You partially resist.
You feel drained.
You climb upwards.
There is a stone staircase leading down here.
Casting: Vampiric Draining (dangerous; 11% risk of failure)
Confirm with . or Enter, or press ? or * to list all spells.
You can't see any susceptible monsters within range! (Use Z to cast anyway.) Unknown command.
The hell rat bites you but does no damage.
You block the hell rat's attack.
You hit the hell rat but do no damage.
The hell rat bites you but does no damage.
You barely miss the hell rat. The hell rat closely misses you.
The hell rat bites you!
You die...
Kikubaaqudgha rasps: "You have failed me!
Welcome... death!"

######### #.......#
### #>#####.###.##
########.#####.##.#.##
#..............r@###.#
#........##.##.##.#.##
#....>...##.##.###.##
#..............# #.#
#.......#...#### #.#
#.......###.# #.#
#...........# #.##
#####.######## #..#
#.##.....# ##.#


You could see a hell rat.

Vanquished Creatures
  A death yak (D:8)
  Prince Ribbit (D:6)
  A water moccasin (D:6)
  A sky beast (D:5)
  A hornet zombie (D:6)
  A black bear (D:7)
  An ice beast (D:6)
  2 ogres
  4 necrophages
  A centaur (D:8)
  2 phantoms (D:4)
  2 kobold brigands (D:6)
  Blork the orc (D:4)
  2 bullfrogs (D:7)
  2 wyvern zombies
  3 scorpions
  3 killer bees (D:7)
  A bullfrog zombie (D:7)
  2 hounds
  A jelly (D:7)
  2 gnoll shamans (D:7)
  3 bullfrog skeletons
  A centaur skeleton (D:7)
  5 iguanas
  An orc wizard (D:6)
  2 hound skeletons (D:4)
  7 adders
  8 gnolls (D:7)
  2 white imps
  An ufetubus (D:6)
  12 orcs
  5 ball pythons
  5 bats
  3 endoplasms
  A giant cockroach (D:3)
  7 goblins
  6 hobgoblins
  2 jackals (D:4)
  3 quokkas
  3 frilled lizards
  10 kobolds
  3 rats
125 creatures vanquished.

Notes
Turn   | Place    | Note
-------+----------+-------------------------------------------
     0 | D:1      | siradein the Deep Dwarf Fighter began the quest for the
                  | Orb.
     0 | D:1      | Reached XP level 1. HP: 20/20 MP: 1/1
   387 | D:1      | Reached XP level 2. HP: 25/27 MP: 2/2
   837 | D:2      | Reached XP level 3. HP: 31/34 MP: 3/3
  1486 | D:3      | Reached XP level 4. HP: 21/42 MP: 4/4
  1655 | D:3      | Found Heseced's Antique Armour Boutique.
  1941 | D:4      | Noticed a scorpion
  2033 | D:4      | Killed a scorpion
  2034 | D:4      | Reached XP level 5. HP: 40/49 MP: 5/5
  2116 | D:4      | Found a staircase to the Ecumenical Temple.
  2134 | Temple   | Entered the Ecumenical Temple
  2194 | Temple   | Became a worshipper of Kikubaaqudgha
  2254 | D:4      | Noticed a phantom
  2281 | D:4      | Killed a phantom
  2282 | D:4      | Reached XP level 6. HP: 24/57 MP: 6/6
  2294 | D:4      | Noticed Blork the orc
  2305 | D:4      | Killed Blork the orc
  2306 | D:4      | Reached skill level 1 in Necromancy
  2317 | D:4      | Found a stormy altar of Qazlal.
  2377 | D:4      | Reached skill level 1 in Spellcasting
  2392 | D:4      | HP: 2/57 [wyvern zombie (6)]
  2394 | D:4      | Reached XP level 7. HP: 2/64 MP: 8/8
  2476 | D:4      | Reached skill level 5 in Armour
  2476 | D:4      | Reached skill level 5 in Shields
  2719 | D:5      | Entered Level 5 of the Dungeon
  3199 | D:5      | Reached * piety under Kikubaaqudgha
  3199 | D:5      | Received a gift from Kikubaaqudgha
  3204 | D:5      | Learned a level 3 spell: Vampiric Draining
  3322 | D:5      | Reached XP level 8. HP: 50/73 MP: 4/11
  3744 | D:5      | Found a runed translucent door.
  3745 | D:5      | Noticed Crazy Yiuf
  4811 | D:6      | Noticed a purple ugly thing
  5245 | D:6      | Noticed Prince Ribbit
  5302 | D:6      | Killed Prince Ribbit
  5303 | D:6      | Reached skill level 5 in Fighting
  5303 | D:6      | Reached skill level 5 in Long Blades
  5887 | D:6      | Gained mutation: You passively map the area around you.
                  | [Deep Dwarf growth]
  5887 | D:6      | Reached XP level 9. HP: 80/81 MP: 2/13
  6168 | D:7      | Reached ** piety under Kikubaaqudgha
  7054 | D:8      | Reached skill level 5 in Necromancy
  7382 | D:8      | Noticed a death yak
  7391 | D:8      | Noticed a death yak
  7393 | D:8      | Noticed a death yak
  7470 | D:8      | Killed a death yak
  7612 | D:7      | Slain by a hell rat

Illustrated notes

Levels and vault maps discovered:
D:1:      dpeg_chamrin_arrival_tetris, layout_loops_ring
D:2:      layout_basic, minmay_pentomino_u4
D:3:      minmay_door_path, layout_loops_ring, serial_shops,
          nicolae_shop_overgrown_old_shop, minmay_misc_feat_hallway
D:4:      layout_cave_pools, grunt_qazlal_sundering, minmay_temple_entry_hall,
          uniq_blork_the_orc
D:5:      layout_loops_cross, uniq_crazy_yiuf_cottage
D:6:      cheibrodos_thug_alley, layout_loops_ring, minmay_misc_feat_chi,
          uniq_prince_ribbit1
D:7:      layout_loops_cross
D:8:      layout_layer_cave, nicolae_overflow_hallway_of_the_gods,
          dpeg_lair_monsters, minmay_misc_feat_four_crosses
Temple:   nicolae_temple_x_marks_the_god

Skill      XL: |  1  2  3  4  5  6  7  8  9 |
---------------+----------------------------+-----
Fighting       | 3 4 5 6 |  6.0
Shields        | 4 5 6 7 |  7.3
Armour         | 4 5 6 7 |  7.3
Long Blades    | 3 4 5 6 |  6.2
Necromancy     | 1 3 4 5 |  5.4
Spellcasting   | 1 2 3 4 |  4.1

Action                   |  1- 3 |  4- 6 |  7- 9 || total
-------------------------+-------+-------+-------++-------
Melee: Long sword        |   144 |    94 |   221 ||   459
Throw: Javelin           |       |     4 |     1 ||     5
 Cast: Vampiric Draining |       |       |   120 ||   120
 Abil: Heal Wounds       |     1 |     3 |     4 ||     8
  Use: Scroll            |       |       |     2 ||     2
Armor: Scale mail        |    49 |       |       ||    49
       Chain mail        |    42 |    32 |    45 ||   119
       Leather armour    |       |       |    99 ||    99
Dodge: Dodged            |    60 |    30 |   135 ||   225
Block: Buckler           |    32 |    21 |   109 ||   162

Table legend: (Time is in decaauts)
 A = Elapsed time spent in this place.
 B = Non-inter-level travel time spent in this place.
 C = Inter-level travel time spent in this place.
 D = Time resting spent in this place.
 E = Time spent auto-exploring this place.
 F = Levels seen in this place.
 G = Mean time per level.
                   A        B        C        D        E       F      G
               +--------+--------+--------+--------+--------+-----+--------+
         Total |   7739 |   7477 |    262 |    833 |   4313 |   9 |  859.9 |
       Dungeon |   7674 |   7412 |    262 |    833 |   4286 |   8 |  959.2 |
        Temple |     64 |     64 |      0 |      0 |     27 |   1 |   64.0 |
               +--------+--------+--------+--------+--------+-----+--------+

Top non-repeatable levels by time:
     D:5: 1953 daAuts
     D:6: 1415 daAuts
     D:7: 1013 daAuts
     D:3: 1007 daAuts
     D:4: 669 daAuts
     D:1: 627 daAuts
     D:8: 557 daAuts
     D:2: 432 daAuts
  Temple: 64 daAuts
